[Event "Romanian GP Final KO 2023"]
[Site "Alba Iulia"]
[Date "2023.12.05"]
[Round "1.1"]
[White "Parligras, Mircea-Emilian"]
[Black "Deac, Bogdan-Daniel"]
[Result "1/2-1/2"]
[ECO "D37"]
[WhiteElo "2539"]
[BlackElo "2690"]
[Annotator "TA"]
[PlyCount "159"]
[EventDate "2023.12.04"]
[EventType "k.o."]
[EventCountry "ROU"]
[SourceTitle "playchess.com"]
[Source "ChessBase"]
[SourceQuality "1"]
[TimeControl "900+5"]

1. d4 Nf6 2. c4 e6 3. Nf3 d5 4. Nc3 h6 5. g3 Nc6 6. Bg2 {[%emt 0:00:05] D37: Queen's Gambit Declined: 5 Bf4.} Bd6 7. O-O O-O 8. b3 {[%emt 0:00:02] White has an edge.} b6 9. Bb2 Bb7 10. Rc1 a6 11. e3 Re8 {[%emt 0:02:04] [#]} 12. Re1 $146 ({Predecessor:} 12. Ne2 Na5 13. Ne5 dxc4 14. Bxb7 Nxb7 15. Nxc4 Rc8 16. Qd3 b5 17. Nxd6 cxd6 18. Rxc8 Qxc8 {½-½ Yarmolyuk,Y (2134)-Dehaybe,A (2130) RA-2012-0-00205}) 12... Na5 13. Qe2 dxc4 14. e4 (14. bxc4 $14 c5 15. d5) 14... Bb4 $1 $11 ({Resist} 14... cxb3 15. e5 $16) 15. e5 Nd5 16. bxc4 Nxc3 17. Bxc3 Bxc3 18. Rxc3 Qe7 19. Nd2 Bxg2 20. Kxg2 Rad8 21. Rd3 b5 22. cxb5 axb5 23. Rc1 Rd7 24. Rdc3 c6 25. Nb3 Nc4 26. Nd2 Na5 27. Nb3 Nc4 28. Nd2 Nxd2 29. Qxd2 Qd8 30. Rxc6 Rxd4 31. Qe3 Qd5+ 32. Qf3 $1 Qxe5 (32... Qxf3+ {simplifies} 33. Kxf3 g5 34. R6c5 Rb8) 33. Rc7 Qf6 34. Qxf6 gxf6 $15 {[%emt 0:00:01][%mdl 4096] Endgame KRR-KRR} 35. Rb7 Ra4 36. Rc2 b4 37. Rb2 Rea8 38. R7xb4 Rxb4 39. Rxb4 Rxa2 {[%emt 0:00:01] KR-KR} 40. g4 Ra5 41. h3 h5 42. Kg3 Kg7 43. Rb8 f5 (43... Ra3+ $15 44. Kg2 h4) 44. f3 Rc5 45. Ra8 Rb5 46. Rc8 Kf6 47. Rh8 $1 hxg4 48. hxg4 fxg4 49. Kxg4 Rb4+ 50. Kg3 Kg5 51. Rg8+ Kf5 52. Rf8 f6 53. Ra8 Rb5 54. Ra4 e5 55. Rc4 Rd5 56. Ra4 Rd4 57. Ra8 Rd3 58. Ra4 Re3 59. Rb4 Kg6 60. Rg4+ Kh5 {[%emt 0:00:02] [#] aiming for ...f5.} 61. Rh4+ Kg6 (61... Kg5 $5 62. Rg4+ Kf5 $15) 62. Rg4+ Kf7 63. Ra4 f5 {[%emt 0:00:07] Threatens to win with ...e4.} 64. Kf2 {[%emt 0:00:05] [#] Threatening mate with Ra7+.} Rd3 65. Ra6 Ke7 66. Ke2 Rd6 67. Ra5 Kf6 68. Kf2 Rb6 69. Rc5 Rb2+ 70. Kg3 f4+ 71. Kh3 $1 Rf2 72. Rc3 Kf5 73. Ra3 Kg5 74. Rb3 Kf6 75. Ra3 Re2 76. Ra6+ Kf5 77. Ra8 e4 78. Ra5+ {[%emt 0:00:04] The position is equal.} Kf6 79. fxe4 Rxe4 80. Kg4 {[%emt 0:00:25] Weighted Error Value: White=0.06 (flawless) /Black=0.06 (flawless)} 1/2-1/2

[Event "Romanian GP Final KO 2023"]
[Site "Alba Iulia"]
[Date "2023.12.05"]
[Round "1.1"]
[White "Kantor, Gergely"]
[Black "Chigaev, Maksim"]
[Result "1-0"]
[ECO "E94"]
[WhiteElo "2527"]
[BlackElo "2626"]
[Annotator "TA"]
[PlyCount "105"]
[EventDate "2023.12.04"]
[EventType "k.o."]
[EventCountry "ROU"]
[SourceTitle "playchess.com"]
[Source "ChessBase"]
[SourceQuality "1"]
[TimeControl "900+5"]

1. d4 Nf6 2. c4 g6 3. Nc3 Bg7 4. e4 d6 5. Nf3 O-O 6. Be2 e5 7. O-O Bg4 8. d5 a5 9. Be3 {[%emt 0:00:06] E94: King's Indian: Classical: 6 Be2 e5 7 0-0: Various Black 7th moves.} Na6 10. a3 Bd7 11. Nd2 {[%emt 0:00:05] White is slightly better.} h5 12. h3 $1 {[%emt 0:02:39][%mdl 4] is currently scoring better than 12.f3.} Nh7 13. Qc2 Bf6 14. Nf3 {[%emt 0:02:41] [#]} b6 $146 ({Predecessor:} 14... Ng5 15. Qd2 Nxf3+ 16. Bxf3 Nc5 17. Bd1 a4 18. Bc2 b6 19. Rae1 Qe7 20. Qd1 Rfb8 {1-0 Mendonca,L (2551)-Kotronias,V (2465) Hamburg HSK GM 2022 (4)}) 15. Rab1 Ng5 16. b4 Nxf3+ 17. Bxf3 Bg5 18. Qd2 Bxe3 19. Qxe3 Qf6 20. Be2 Qf4 21. Qxf4 exf4 22. h4 Kg7 {[%emt 0:01:03] [#]} 23. c5 axb4 $11 24. axb4 bxc5 25. Bxa6 Rxa6 26. bxc5 dxc5 27. Rb7 Rc8 28. Rc1 Kf6 29. Ne2 Ke5 (29... Rb6 $5 30. Ra7 $8 Ke5 $11) 30. f3 Rb6 31. Ra7 Rb2 32. Nc3 Kd6 33. Ra6+ Rb6 34. Ra5 f6 35. Ne2 g5 36. Raxc5 (36. hxg5 {with more complications.} fxg5 37. Raxc5 Rcb8 38. Rxc7 R8b7 39. Rxb7 Rxb7 40. Nd4) 36... c6 $2 (36... Rb2 $11 37. R5c2 Rxc2 38. Rxc2 Rb8) 37. hxg5 $18 fxg5 38. Nd4 {[%emt 0:00:01] Prevents Rb5.} cxd5 39. Rxc8 Bxc8 40. Rxc8 {[%emt 0:00:01] Strongly threatening Rd8+.} dxe4 (40... Rb1+ {is a better defense.} 41. Kf2 dxe4 42. fxe4 g4) 41. fxe4 {[%emt 0:00:07][%mdl 4096] Endgame KRN-KR} g4 {[%emt 0:00:07] [#]} 42. Nf5+ (42. Re8 $1 $18 {[%cal Re8e6] aiming for Re6+.} Rb2 43. Kf1) 42... Ke5 (42... Ke6 $14) 43. Re8+ Kf6 44. Nd4 Rb1+ 45. Kf2 {[%emt 0:00:03] e5+ is the strong threat.} Rb2+ $2 {[%emt 0:00:02] Black cannot hold the game after this.} (45... h4 $16) 46. Ne2 Kg5 47. Re5+ Kh4 (47... Kh6 $142 48. Rf5 h4 49. Rxf4 Kg5) 48. Rf5 {[%emt 0:00:01][%cal Oe4e5] Hoping for e5!} f3 49. gxf3 (49. g3+ $142 Kh3 50. Rxh5#) 49... g3+ 50. Ke3 Rb3+ 51. Kf4 {[%emt 0:00:03] White mates.} g2 52. Rg5 g1=Q 53. Rxg1 {[%emt 0:00:05] Weighted Error Value: White=0.13 (very precise) /Black=0.64} 1-0

[Event "Romanian GP Final KO 2023"]
[Site "Alba Iulia"]
[Date "2023.12.05"]
[Round "1.1"]
[White "Petkov, Momchil"]
[Black "Nanu, Costica-Ciprian"]
[Result "1-0"]
[ECO "A46"]
[WhiteElo "2499"]
[BlackElo "2524"]
[Annotator "RC"]
[PlyCount "91"]
[EventDate "2023.12.04"]
[EventType "k.o."]
[EventCountry "ROU"]
[SourceTitle "playchess.com"]
[Source "ChessBase"]
[SourceQuality "1"]
[TimeControl "900+5"]

1. d4 Nf6 2. Bf4 e6 3. Nf3 c5 4. e3 cxd4 5. exd4 Be7 6. h3 O-O 7. c3 b6 8. a4 Bb7 9. Nbd2 a6 10. Bd3 d6 11. O-O Nbd7 12. Bh2 Re8 13. Ne1 Nf8 14. Nc2 Ng6 15. Ne3 Bf8 16. Qb3 Nd5 17. Rfe1 Ndf4 18. Bxg6 Nxg6 19. Ndc4 Rb8 20. Qxb6 Qxb6 21. Nxb6 Bxg2 22. Nd7 Bxh3 23. Nxb8 Rxb8 24. Nc4 Nh4 25. Re3 Bg4 26. b4 Nf5 27. Re4 h5 28. Ne3 Bf3 29. Rf4 Ba8 30. Nxf5 g5 31. Re4 exf5 32. Re2 f4 33. b5 a5 34. Rae1 Bd5 35. Re8 Rb7 36. Rc8 Kg7 37. c4 Bf3 38. c5 dxc5 39. dxc5 Rd7 40. c6 Rd2 41. Rxf8 Kxf8 42. Rc1 Ra2 43. b6 Rxa4 44. c7 Bb7 45. c8=Q+ Bxc8 46. Rxc8+ 1-0

[Event "Romanian GP Final KO 2023"]
[Site "Alba Iulia"]
[Date "2023.12.05"]
[Round "1.1"]
[White "Ardelean, George-Catalin"]
[Black "Gavrilescu, David"]
[Result "0-1"]
[ECO "D02"]
[WhiteElo "2433"]
[BlackElo "2534"]
[Annotator "TA"]
[PlyCount "66"]
[EventDate "2023.12.04"]
[EventType "k.o."]
[EventCountry "ROU"]
[SourceTitle "playchess.com"]
[Source "ChessBase"]
[SourceQuality "1"]
[TimeControl "900+5"]

1. d4 d5 2. Nf3 Nf6 3. Bf4 c5 4. e3 Nc6 5. Nbd2 Bg4 6. h3 {[%emt 0:02:24] D02: 1 d4 d5 2 Nf3 sidelines, including 2...Nf6 3 g3 and 2...Nf6 3 Bf4.} Bh5 7. g4 Bg6 8. Bb5 {[%emt 0:00:05] The position is equal.} cxd4 (8... e6 $11) 9. Nxd4 $14 Qb6 (9... Rc8 $1 $14) 10. c4 {[%emt 0:00:03] [#] a4 is the strong threat.} e6 $146 ({Predecessor:} 10... e5 11. Bxe5 Nd7 12. Bg3 Bb4 13. O-O O-O 14. N2f3 a6 15. Ba4 Nf6 16. cxd5 Nxd5 17. Nxc6 bxc6 {½-½ Csiki,E (2358)-Tyurin,A (2397) Budapest Vezerkepzo GM 04 2023 (6)}) 11. Qa4 {[%emt 0:00:50][%cal Rd4c6] Against Bb4} Rc8 12. Rc1 ({White should try} 12. b4 $1 $16 Bd3 13. c5 Bxb5 14. Nxb5) 12... Bc5 $1 $11 13. b4 Bxd4 14. c5 Bxc5 15. bxc5 Qd8 16. Qxa7 (16. Bd6 $5 ) 16... O-O 17. Qxb7 e5 18. Bg5 (18. Bxc6 exf4 19. exf4 Bd3 $19) (18. Bg3 $11 Na5 19. Qa6) 18... Nb4 $1 $17 {[%emt 0:00:07] Threatens to win with ...Rb8.} 19. a4 Na2 {[%emt 0:01:15] Excellent horsemanship.} (19... Bd3 $1 $17 {Hoping for ...Rb8.} 20. c6 d4) 20. O-O $15 Nxc1 21. Rxc1 Qa5 22. Nf3 (22. Nb3 $11 {and White stays safe.} Qb4 23. Bxf6 Qxb3 24. Bxe5) 22... Rc7 $19 23. Qa6 Qxa6 24. Bxa6 Ra8 $2 (24... Ne4 $19 {And now ...f6 would win.} 25. c6 f6) 25. Bb5 $2 (25. Bxf6 $1 $15 gxf6 26. Bb5) 25... Ne4 $1 26. c6 f6 27. Bh4 Rb8 (27... Rac8 $19 {and Black stays clearly on top. Strongly threatening ...Be8.} 28. g5 Be8) 28. Bg3 (28. Ne1 $17) 28... Nd6 $2 (28... Nxg3 $19 29. fxg3 Be8) 29. Nd4 {[%emt 0:00:06] [#]} (29. Rc5 $11 {remains equal.}) 29... Bf7 ({Better is} 29... Be8 $1 $17 30. Kg2 (30. Ne6 Rcc8 $19) 30... Kf7) 30. Ba6 {[%emt 0:00:06] [#]} (30. Nf5 $15 Nxb5 31. axb5 (31. Rb1 $2 Bg6 $19) 31... Rxb5 32. f4) 30... Rb6 $1 $36 {[%emt 0:00:06][%mdl 2048] Black has strong initiative.} ({Inferior is} 30... Nc4 31. Bb5 $15) 31. Nb5 $2 (31. Bb5) 31... Rcxc6 {[%emt 0:00:03] Black is clearly winning.} (31... Rbxc6 $2 {perishes.} 32. Rf1 Rd7 33. Nxd6 Rxa6 34. Nxf7 Kxf7 35. f4 $19) 32. Rxc6 Rxc6 {[%emt 0:00:01][%mdl 64] Trapped Piece} 33. Nxd6 Rxa6 {[%emt 0:00:02] Weighted Error Value: White=0.80/Black=0.35} (33... Rxd6 $2 {is the wrong capture.} 34. Bb5 $19) 0-1

[Event "Romanian GP Final KO 2023"]
[Site "Alba Iulia"]
[Date "2023.12.05"]
[Round "1.1"]
[White "David, Alexandru-Vasile"]
[Black "Lupulescu, Constantin"]
[Result "1/2-1/2"]
[ECO "D04"]
[WhiteElo "2372"]
[BlackElo "2581"]
[Annotator "TA"]
[PlyCount "44"]
[EventDate "2023.12.04"]
[EventType "k.o."]
[EventCountry "ROU"]
[SourceTitle "playchess.com"]
[Source "ChessBase"]
[SourceQuality "1"]
[TimeControl "900+5"]

1. d4 Nf6 2. Nf3 d5 3. e3 c5 4. dxc5 Qa5+ 5. Nbd2 e6 6. Bd3 {[%emt 0:00:39] D04: Colle System.} Nbd7 7. O-O Nxc5 8. Be2 Be7 {[%emt 0:00:40] [#]} 9. a3 $146 {[%emt 0:00:06] [#] Hoping for b4.} ({Predecessor:} 9. c4 O-O 10. a3 Nce4 11. b4 Qd8 12. Bb2 Nxd2 13. Nxd2 b6 14. Qb3 Bb7 15. Rfd1 {0-1 Liu,X (2223)-Krush,I (2455) Torch Cup Xiapu 2005 (19)}) 9... Qc7 10. c4 Bd7 11. b3 {[%emt 0:00:10] Dodges Ba4} Rd8 (11... dxc4 $11 12. Bxc4 O-O) 12. Bb2 dxc4 13. Be5 ({Much worse is} 13. Nxc4 Ba4 14. Bd4 Bxb3 $15) 13... Qc8 14. Bxc4 ({Much weaker is} 14. bxc4 Ba4 15. Qb1 O-O $15) ({Of course not} 14. Nxc4 Ba4 15. Bd4 Nxb3 $15) 14... b5 (14... Bc6 $11) 15. Be2 $16 Qb7 16. Nd4 (16. b4 $16 Na4 17. Nb3) 16... O-O 17. Bf3 Qb6 18. Qe2 {[%emt 0:00:11] Against Nd3} Rc8 19. Rac1 (19. b4 $14 Na4 20. Rac1) 19... a5 $11 {[%emt 0:00:52] The position is equal.} 20. h3 h6 21. Rfd1 Na6 22. Nb1 Rfd8 {[%emt 0:00:32] Weighted Error Value: White=0.14 (very precise) /Black=0.14 (very precise)} 1/2-1/2

[Event "Romanian GP Final KO 2023"]
[Site "Alba Iulia"]
[Date "2023.12.05"]
[Round "1.1"]
[White "Serban, Cristian-Stefan"]
[Black "Secheres, Adrian-Simion"]
[Result "0-1"]
[ECO "E94"]
[WhiteElo "2332"]
[BlackElo "2381"]
[Annotator "RC"]
[PlyCount "100"]
[EventDate "2023.12.04"]
[EventType "k.o."]
[EventCountry "ROU"]
[SourceTitle "playchess.com"]
[Source "ChessBase"]
[SourceQuality "1"]
[TimeControl "900+5"]

1. d4 Nf6 2. c4 g6 3. Nc3 Bg7 4. e4 d6 5. Nf3 O-O 6. Be2 e5 7. O-O Na6 8. Be3 Qe7 9. Qc2 Nb4 10. Qb1 exd4 11. Nxd4 c5 12. Nc2 Re8 13. f3 Be6 14. Rd1 Nh5 15. g4 Nxc2 16. Qxc2 Bd4 17. Qd2 Bxe3+ 18. Qxe3 Ng7 19. Qf4 Red8 20. Rd2 Rd7 21. Rad1 Ne8 22. Bf1 a6 23. a4 b6 24. g5 Rad8 25. h4 Ng7 26. Qh2 f6 27. Nd5 Bxd5 28. Rxd5 fxg5 29. hxg5 Ne6 30. Qg3 Nd4 31. Re1 Rf8 32. Bg2 Rdd8 33. Re3 Nf5 34. Rxf5 gxf5 35. Qh4 Qe5 36. Re2 f4 37. Rd2 Rf7 38. Bh3 Rg7 39. Bf5 Rf8 40. Kh2 Qe7 41. Rg2 Qe5 42. g6 hxg6 43. Bxg6 Qf6 44. Bh7+ Kh8 45. Qxf6 Rxf6 46. Rxg7 Kxg7 47. Bf5 Rf8 48. Kh3 Kf6 49. Kg4 Ke5 50. b3 Rh8 0-1

[Event "Romanian GP Final KO 2023"]
[Site "Alba Iulia"]
[Date "2023.12.05"]
[Round "1.1"]
[White "Ciolacu, Alessia-Mihaela"]
[Black "Ghimpu, Samuel-Timotei"]
[Result "0-1"]
[ECO "E24"]
[WhiteElo "2175"]
[BlackElo "2472"]
[Annotator "RC"]
[PlyCount "55"]
[EventDate "2023.12.04"]
[EventType "k.o."]
[EventCountry "ROU"]
[SourceTitle "playchess.com"]
[Source "ChessBase"]
[SourceQuality "1"]
[TimeControl "900+5"]

1. d4 Nf6 2. c4 e6 3. Nc3 Bb4 4. a3 Bxc3+ 5. bxc3 Nc6 6. f3 b6 7. e4 Ba6 8. Bd3 Na5 9. Qe2 c5 10. d5 e5 11. Bg5 h6 12. Bh4 g5 13. Bg3 Qe7 14. Nh3 O-O-O 15. Nf2 Nh5 16. Nd1 Nf4 17. Qf1 Nxd3+ 18. Qxd3 Bxc4 19. Qb1 f5 20. Ne3 f4 21. Nf5 Qf6 22. Bf2 Rdf8 23. d6 Nc6 24. Qb2 Be6 25. Rd1 Bxf5 26. exf5 Qxf5 27. Qb5 e4 28. fxe4 0-1

[Event "Romanian GP Final KO 2023"]
[Site "Alba Iulia"]
[Date "2023.12.05"]
[Round "1.1"]
[White "Obada, Ema"]
[Black "Toma, Radu-Cristian"]
[Result "1-0"]
[ECO "B30"]
[WhiteElo "2035"]
[BlackElo "2387"]
[Annotator "RC"]
[PlyCount "117"]
[EventDate "2023.12.04"]
[EventType "k.o."]
[EventCountry "ROU"]
[SourceTitle "playchess.com"]
[Source "ChessBase"]
[SourceQuality "1"]
[TimeControl "900+5"]

1. e4 c5 2. Nf3 Nc6 3. Bb5 e6 4. O-O Nge7 5. d4 cxd4 6. Nxd4 Nxd4 7. Qxd4 Nc6 8. Qc3 Qf6 9. Qxf6 gxf6 10. Be3 b6 11. Nc3 Bb7 12. Rad1 a6 13. Bd3 b5 14. f4 Rg8 15. Ne2 Nb4 16. a3 Nxd3 17. cxd3 d5 18. Ng3 Bd6 19. Bd4 Be7 20. Rc1 Rc8 21. Rxc8+ Bxc8 22. exd5 exd5 23. Rc1 Kd7 24. Nf5 Bd8 25. Ne3 Bb7 26. Kf2 Be7 27. Nf5 Bd8 28. g3 Re8 29. Nh6 Be7 30. Nxf7 Bf8 31. Bxf6 Ke6 32. Rc7 Kxf6 33. Rxb7 Bc5+ 34. Kf3 Re3+ 35. Kg4 Bd4 36. Ng5 Re7 37. Nxh7+ Kf7 38. Ng5+ Kf8 39. Rxe7 Kxe7 40. b3 a5 41. a4 Kd6 42. axb5 Bc3 43. Nf3 Kc5 44. d4+ Kxb5 45. f5 Kb4 46. f6 Kxb3 47. Ne5 a4 48. Nd3 Bxd4 49. f7 Bg7 50. Nc5+ Kc4 51. Ne6 Bh6 52. Kh5 a3 53. Kxh6 a2 54. f8=Q a1=Q 55. Qc5+ Kd3 56. Qxd5+ Ke2 57. Nf4+ Kf2 58. Qd2+ Kf3 59. Qe2# 1-0

[Event "Romanian GP Final KO 2023"]
[Site "Alba Iulia"]
[Date "2023.12.05"]
[Round "1.2"]
[White "Deac, Bogdan-Daniel"]
[Black "Parligras, Mircea-Emilian"]
[Result "1-0"]
[ECO "A07"]
[WhiteElo "2690"]
[BlackElo "2539"]
[Annotator "TA"]
[PlyCount "76"]
[EventDate "2023.12.04"]
[EventType "k.o."]
[EventCountry "ROU"]
[SourceTitle "playchess.com"]
[Source "ChessBase"]
[SourceQuality "1"]
[TimeControl "900+5"]

1. Nf3 d5 2. g3 Bg4 3. Bg2 e6 4. O-O Nf6 5. h3 Bh5 {[%emt 0:00:05] [#]} 6. c4 $1 {[%emt 0:00:16] A07: Réti Opening: New York and Capablanca Systems.} c6 7. d4 Nbd7 8. cxd5 {[%emt 0:02:00] White has an edge.} exd5 9. Qb3 {[%emt 0:00:21] 9.Ne5 deserves study.} Qb6 10. Qe3+ Be7 11. Nh4 {[%emt 0:00:03] Hoping for Nf5.} Bg6 {[%emt 0:00:39] Dodges Nf5} 12. Nxg6 hxg6 13. Nc3 Qd8 14. Qd3 O-O 15. Bf4 Re8 16. Rab1 {[%emt 0:00:03] [#]} a5 $146 ({Predecessor:} 16... Bb4 17. a3 Bxc3 18. bxc3 b5 19. a4 a6 20. axb5 axb5 21. Ra1 Nb6 22. g4 Nc4 {1-0 Kaidanov,G (2549)-Fathy,E (2300) Titled Tuesday intern op 18th Oct Early blitz 2022 (6)}) 17. Qc2 Nb6 18. Rbd1 Bd6 19. Bg5 Qc7 20. h4 Nh7 21. Bc1 Nf6 22. Qd3 Re6 23. Rfe1 Ree8 24. a3 Qd7 25. e4 dxe4 26. Nxe4 Nxe4 27. Bxe4 Nd5 28. Bg5 (28. Kg2 {is more complex.} a4 29. Bg5 Bf8 30. Bf3) 28... Re6 29. Bxd5 Rxe1+ (29... cxd5 $11 30. Qb3 Bf8) 30. Rxe1 $14 cxd5 31. Qb3 {[%emt 0:00:07] White is more active.} Qf5 32. Kg2 (32. Qxb7 $6 Rb8 $11) (32. Bd2 $16) 32... Rc8 {[%emt 0:00:35] [#]} (32... Kh7 $11 {remains equal.}) 33. Re2 ({White should try} 33. Qb6 $1 $16 Qd7 34. Qxa5) 33... f6 ({Black should play} 33... Kh7 $1 $11) 34. Bd2 Kh7 (34... Rc2 $14) 35. Bxa5 $16 ({Much worse is} 35. Qxb7 $6 Rc2 36. Qf7 Bxg3 37. fxg3 Qd3 $11) 35... Rc1 36. Be1 (36. Qxb7 $2 {too greedy.} Bxg3 37. Qb3 Bxh4 $19) ({Don't take} 36. Bd2 Rc2 $16) 36... Qb1 37. Qe3 b5 (37... Rd1 $16 38. h5 gxh5) 38. Qe6 $18 b4 {[%emt 0:00:13] Weighted Error Value: White=0.13 (very precise) /Black=0.22 (precise)} (38... Bc7 {was worth a try.} 39. Qe8 Ba5) 1-0

[Event "Romanian GP Final KO 2023"]
[Site "Alba Iulia"]
[Date "2023.12.05"]
[Round "1.2"]
[White "Chigaev, Maksim"]
[Black "Kantor, Gergely"]
[Result "1-0"]
[ECO "D00"]
[WhiteElo "2626"]
[BlackElo "2527"]
[Annotator "TA"]
[PlyCount "71"]
[EventDate "2023.12.04"]
[EventType "k.o."]
[EventCountry "ROU"]
[SourceTitle "playchess.com"]
[Source "ChessBase"]
[SourceQuality "1"]
[TimeControl "900+5"]

1. d4 Nf6 2. Bg5 d5 3. e3 c5 4. Bxf6 gxf6 5. dxc5 Nc6 6. Qh5 {[%emt 0:03:30] D00: 1 d4 d5: Unusual lines.} e6 7. Nd2 Bxc5 8. O-O-O {[%emt 0:00:04] The position is equal.} Bd7 {[%emt 0:00:37] [#]} 9. Ngf3 $146 ({Predecessor:} 9. e4 Qe7 10. exd5 exd5 11. Qxd5 O-O-O 12. Qf3 Rhg8 13. g3 Ne5 14. Qe2 Bc6 15. f3 {0-1 Kotyurgin,I-Silenginsky,A RUS-Cup3 email 2003}) 9... Qa5 (9... Qe7 $11) 10. a3 (10. Kb1 $1 $14) 10... Be7 $11 11. Nb3 Qa4 12. Nfd4 Ne5 (12... a6 $11) 13. f4 $16 Nc4 14. Bxc4 Qxc4 15. Kb1 b5 (15... Rc8 $14) 16. Rhe1 b4 {[%emt 0:00:06] [#]} 17. a4 Rc8 (17... Rd8 18. e4) 18. a5 Qc7 19. Rd2 {[%emt 0:00:23] White is more active.} Qd6 (19... h6 $16 {was worth a try.}) 20. g3 ({White should play} 20. e4 $1 $18 ) 20... f5 21. h3 Bf6 {[%emt 0:00:18] [#]} 22. g4 $1 fxg4 23. hxg4 h6 {[%emt 0:00:03] [#]} (23... Bg7 {is a better defense.} 24. e4 Qxf4) 24. e4 $1 $18 Qxf4 25. Nxe6 {[%emt 0:00:02][%mdl 64] Remove Defender} Bxe6 (25... Qg3 $16 {was called for.} 26. Rf1 Qe5 27. Qxe5 {[%mdl 64] Remove Defender} (27. exd5 $2 Qxb2#) 27... Bxe5) 26. exd5 {[%emt 0:00:01][%mdl 64] Pin} O-O {[%emt 0:00:11] ...Bd7 would be deadly.} 27. dxe6 fxe6 28. Rxe6 {[%emt 0:00:26] Black must now prevent Rd7.} Bg7 29. Rg6 {[%emt 0:00:21] Rd7 is the strong threat.} Rf6 $2 (29... Rcd8) 30. Qd5+ {[%emt 0:00:13] White is clearly winning.} Kh8 {[%emt 0:00:04] [#]} (30... Rf7 $142 31. Nd4 (31. Qe6 Rcc7 $18) 31... Qf1+ 32. Ka2 Kh7) 31. Rxg7 $1 {[%emt 0:00:03][%mdl 576] Decoy} Kxg7 32. Qd7+ Rf7 33. Qxc8 {[%emt 0:00:02] Threatens to win with Rd7.} Qf1+ 34. Ka2 Qb5 35. Rd1 {[%emt 0:00:23] Strongly threatening Qe6.} Qe2 {[%emt 0:00:09] Wards off Qe6} 36. Rd8 {[%emt 0:00:03] A cool game by Chigaev.   Weighted Error Value: White=0.24 (precise) /Black=0.47} 1-0

[Event "Romanian GP Final KO 2023"]
[Site "Alba Iulia"]
[Date "2023.12.05"]
[Round "1.2"]
[White "Lupulescu, Constantin"]
[Black "David, Alexandru-Vasile"]
[Result "1/2-1/2"]
[ECO "B76"]
[WhiteElo "2581"]
[BlackElo "2372"]
[Annotator "TA"]
[PlyCount "56"]
[EventDate "2023.12.04"]
[EventType "k.o."]
[EventCountry "ROU"]
[SourceTitle "playchess.com"]
[Source "ChessBase"]
[SourceQuality "1"]
[TimeControl "900+5"]

1. e4 c5 2. Nf3 d6 3. d4 cxd4 4. Nxd4 Nf6 5. Nc3 g6 6. Be3 Bg7 7. f3 Nc6 8. Qd2 O-O 9. O-O-O d5 10. exd5 Nxd5 11. Nxc6 bxc6 12. Bd4 e5 13. Bc5 Be6 14. Ne4 Re8 15. h4 h5 {[%emt 0:00:02] B76: Sicilian Dragon: Yugoslav Attack, 9 g4 and 9 0-0-0.} 16. Bc4 {[%emt 0:01:43] White is more active.} Nf4 17. Qxd8 {[%emt 0:03:39] [#]} Raxd8 $146 {[%emt 0:00:15] White has an edge.} ({Predecessor:} 17... Rexd8 18. Bxe6 Nxe6 19. Be3 Nf4 20. Bxf4 exf4 21. Rhe1 Bd4 22. c3 Bb6 23. Kc2 Kf8 {½-½ Pheby,I (2501)-Drake Diez De Rivera,P (2537) Yury Sakharov mem-A email 2006}) 18. Bxe6 Nxe6 19. Be3 f5 {[%emt 0:02:51] The position is equal.} 20. Nd2 Nf4 21. Bxf4 exf4 22. Nc4 Bf6 23. Rxd8 Rxd8 $11 {[%emt 0:00:20] KRB-KRN} 24. c3 Kg7 25. Kc2 Re8 26. Kd3 {[%emt 0:00:06] Against Re2} Rd8+ 27. Kc2 Re8 28. Kd3 {[%emt 0:00:04] Wards off Re2} Rd8+ {[%emt 0:11:31] White got outplayed after the opening.   Weighted Error Value: White=0.07 (flawless) /Black=0.11 (very precise)} 1/2-1/2

[Event "Romanian GP Final KO 2023"]
[Site "Alba Iulia"]
[Date "2023.12.05"]
[Round "1.2"]
[White "Gavrilescu, David"]
[Black "Ardelean, George-Catalin"]
[Result "0-1"]
[ECO "B29"]
[WhiteElo "2534"]
[BlackElo "2433"]
[Annotator "TA"]
[PlyCount "66"]
[EventDate "2023.12.04"]
[EventType "k.o."]
[EventCountry "ROU"]
[SourceTitle "playchess.com"]
[Source "ChessBase"]
[SourceQuality "1"]
[TimeControl "900+5"]

1. e4 c5 2. Nf3 Nf6 3. e5 Nd5 4. Nc3 e6 5. Ne4 f5 6. Nc3 Nb4 {[%emt 0:00:01] B29: Sicilian: 2 Nf3 Nf6 (Nimzowitsch Variation).} 7. Bc4 a6 8. a3 (8. d4 $14) 8... N4c6 $11 {[%emt 0:00:08] The position is equal.} 9. d3 b5 10. Ba2 {[%emt 0:00:02] [#]} Nd4 $146 ({Predecessor:} 10... Bb7 11. O-O Be7 12. Re1 O-O 13. a4 Qb6 14. Be3 Nd4 15. Bxd4 cxd4 16. Ne2 Bxf3 17. gxf3 bxa4 {0-1 Andreev,K (2157)-Willow,J (2401) Cattolica d'Estate op-A 2nd 2022 (4)}) 11. Nxd4 cxd4 12. Ne2 Nc6 13. Bf4 Bb7 14. c3 (14. h4 $15) 14... Bc5 (14... g5 15. Nxd4 h5 16. Nxc6 Bxc6 17. Bc1 $14) ({Black should try} 14... dxc3 $17 15. Nxc3 Qh4) 15. h4 O-O 16. h5 Qb6 (16... a5 $15 {stays ahead.}) 17. Kf1 (17. b4 $16) 17... a5 $15 18. Rc1 (18. Rh3 $15) 18... dxc3 $17 19. bxc3 Bxa3 {[%emt 0:00:00] Black is more active.} (19... Bxf2 20. d4 $16) 20. Rb1 Ba6 (20... a4 $17 {Hoping for ...Be7.} 21. d4 Ne7) 21. Kg1 $15 Be7 (21... b4 $17 22. Bb3 Kh8) 22. Rh3 (22. d4 $11) 22... b4 $17 23. d4 a4 {[%emt 0:00:22] [#] ...Bxe2 would be deadly.} 24. d5 {[%emt 0:00:10] Now White is beyond hope.} (24. cxb4 $17 Bxe2 25. Qxe2 Qxd4 26. Qd3) 24... b3 $1 $19 25. dxc6 Qxc6 (25... bxa2 26. Rxb6 Bxe2 27. Qa1 $18) 26. Nd4 Qe4 27. Bxb3 (27. Nxb3 $142 axb3 28. Bxb3) 27... axb3 ({Inferior is} 27... Qxf4 28. Bxa4 Ra7 29. Qe1 $17) 28. Bd2 Bc4 (28... Qxe5 $2 {is the wrong capture.} 29. Qxb3 Rfb8 30. Qd1 $19) 29. Nxb3 Rfb8 (29... Qxe5 $2 {too greedy.} 30. h6 $19) 30. Re3 Qg4 $40 {[%emt 0:00:13][%mdl 128] White is in trouble. White is weak on the light squares} (30... Qb7 $142 31. Rg3 Kf7) 31. f3 $2 (31. Nd4 Rxb1 32. Qxb1) 31... Qxh5 {[%emt 0:00:05] Black is clearly winning.} 32. Re1 Bh4 {[%emt 0:00:30][%cal Oh4g3] [#] ( -> ...Bg3!). This pair of bishops is nice.} 33. f4 Qxd1 {[%emt 0:00:06] Weighted Error Value: White=0.64/Black=0.40} 0-1